AoeStats
← Terran-test

Fortress

510340766Analyzed
1v1 RM · 5h ago on Sep 30, 2026· 51m 53s· 2 players
Game mode
Random Map
Map size
Small (3 player)
Population
200
Speed
Normal
Resources
Standard
Victory
Conquest
Starting age
Dark Age
Ending age
Imperial Age
RankedLock teamsTeams togetherTeam positionsShared explorationLock speedFull tech treeHidden civsTurbo modeCheats
Victory
Defeat
🇨🇱 Romans · Chile
472
+15
🇺🇸 Burgundians · United States
452
-15
MoO CaT9751
7:53 Feudal Age
11:40 Man-at-Arms
18:31 Scale Mail Armor
18:37 Scale Barding Armor
21:11 Forging
23:51 Castle Age
22:43 Wheelbarrow
22:05 Gold Mining
24:28 Cavalier
36:07 Husbandry
36:38 Burgundian Vineyards
42:47 Imperial Age
41:54 Hand Cart
43:50 Chain Barding Armor
43:46 Chain Mail Armor
44:07 Iron Casting
43:23 Fletching
43:33 Padded Archer Armor
43:17 Paladin
50:27 Plate Mail Armor
49:37 Long Swordsman
Terran-test
7:59 Feudal Age
9:26 Wheelbarrow
8:39 Double-Bit Axe
8:39 Horse Collar
8:29 Man-at-Arms
12:33 Gold Mining
15:51 Castle Age
14:45 Stone Mining
15:10 Forging
15:51 Scale Mail Armor
17:27 Gold Shaft Mining
18:50 Squires
20:44 Long Swordsman
22:09 Heavy Plow
28:57 Imperial Age
27:44 Bow Saw
27:54 Pikeman
29:06 Hand Cart
30:41 Crop Rotation
31:14 Iron Casting
30:45 Scale Barding Armor
30:14 Halberdier
34:21 Murder Holes
36:06 Town Watch
38:22 Chemistry
37:34 Fortified Wall
38:05 Husbandry
38:15 Bloodlines
37:27 Cavalier
37:29 Light Cavalry
41:04 Capped Ram
41:10 Heavy Scorpion
41:12 Onager
43:02 Chain Barding Armor
43:09 Siege Ram
43:35 Legionary
46:57 Elite Centurion
49:51 Ballistics
49:43 Masonry
Connection lost

Rejoining the realm…

Still unreachable

The connection could not be restored.

Session expired

The server has moved on; the page needs a fresh start.